[Event "SS Manhem Chess Week 2019 Goteborg Open"]
[Site "Molnlycke kulturhus, Biblioteksgatan 2, Molnlycke, Sweden"]
[Date "2019.08.16"]
[Round "1.1"]
[White "Blomqvist, Erik"]
[Black "Andersson, Kjell-Ake"]
[Result "1-0"]
[TimeControl "15 minutes + 5 seconds per move from move one (Round 1 - 4) / 90 minutes + 30 seconds per move from move one (Round 5 - 8)"]
[WhiteTitle "GM"]
[WhiteFideId "1709437"]
[BlackFideId "1713825"]
[WhiteElo "2507"]
[BlackElo "1922"]

1. e4 e6 2. d4 d5 3. e5 c5 4.
c3 Nc6 5. Nf3 Bd7 6. Be2 f6 7. O-O Qc7 8. Bf4 f5 9. Nbd2 c4 10. b3 cxb3 11. axb3 Nge7 12. h4 Ng6 13. Bg3 Be7 14.
h5 Nf8 15. b4 g5 16. hxg6 hxg6 17. Ne1 Nh7 18. f4 Kf7 19. Nd3 b6 20. Kf2 Rag8 21. Rh1 g5 22. Rh5 gxf4 23. Bxf4 Bg5 24.
Qh1 Qd8 25. Rxh7+ 1-0

[Event "SS Manhem Chess Week 2019 Goteborg Open"]
[Site "Molnlycke kulturhus, Biblioteksgatan 2, Molnlycke, Sweden"]
[Date "2019.08.16"]
[Round "1.2"]
[White "Alharash, Feras"]
[Black "Hector, Jonny"]
[Result "0-1"]
[TimeControl "15 minutes + 5 seconds per move from move one (Round 1 - 4) / 90 minutes + 30 seconds per move from move one (Round 5 - 8)"]
[BlackTitle "GM"]
[WhiteFideId "7604645"]
[BlackFideId "1700090"]
[WhiteElo "1882"]
[BlackElo "2493"]

1. d4 d5 2. Nf3 Nf6 3. c4 c6 4. Nc3 dxc4 5. a4 Bf5 6. e3 e6 7. Bxc4 Bb4 8. O-O Nbd7 9. Bd2 O-O 10.
Ne4 Be7 11. Ng3 Bg6 12. Nh4 Bd6 13. Nxg6 hxg6 14. f3 c5 15. Ne4 Nxe4 16. fxe4 cxd4 17. exd4 Qh4 18. g3 Qxe4 19. Bc3 Nb6 20.
Re1 Qf5 21. Bd3 Qg5 22. Bd2 Qf6 23. Bc3 Nd5 24. Qe2 Rac8 25. Rf1 Qe7 26. Rac1 Bb4 27. Bxb4 Qxb4 28. Rxc8 Qxd4+ 29. Kh1 Rxc8 30.
Bxg6 Nf6 31. Bd3 Qxa4 32. Rf4 Rc1+ 33. Rf1 Rxf1+ 34. Qxf1 Qc6+ 35. Kg1 Qb6+ 0-1

[Event "SS Manhem Chess Week 2019 Goteborg Open"]
[Site "Molnlycke kulturhus, Biblioteksgatan 2, Molnlycke, Sweden"]
[Date "2019.08.16"]
[Round "1.3"]
[White "Golubka, Petro"]
[Black "Hamilton, Olov"]
[Result "1-0"]
[TimeControl "15 minutes + 5 seconds per move from move one (Round 1 - 4) / 90 minutes + 30 seconds per move from move one (Round 5 - 8)"]
[WhiteTitle "IM"]
[WhiteFideId "14114224"]
[BlackFideId "1723677"]
[WhiteElo "2479"]
[BlackElo "1874"]

1. e4 c5 2. Nf3 d6 3. d4 cxd4 4. Nxd4 Nf6 5. Nc3 a6 6. Bg5 Nbd7 7. Bc4 Qc7 8. Bb3 e6 9. O-O Be7 10. Bxe6 Nc5 11. Bxc8 Rxc8 12. Nf5 Ne6 13.
Bxf6 gxf6 14. Nd5 Qxc2 15. Ndxe7 1-0

[Event "SS Manhem Chess Week 2019 Goteborg Open"]
[Site "Molnlycke kulturhus, Biblioteksgatan 2, Molnlycke, Sweden"]
[Date "2019.08.16"]
[Round "1.4"]
[White "Alfven, Jorgen"]
[Black "Wiedenkeller, Michael"]
[Result "0-1"]
[TimeControl "15 minutes + 5 seconds per move from move one (Round 1 - 4) / 90 minutes + 30 seconds per move from move one (Round 5 - 8)"]
[BlackTitle "IM"]
[WhiteFideId "1715950"]
[BlackFideId "1700146"]
[WhiteElo "1871"]
[BlackElo "2456"]

1. d4 Nf6 2. Nf3 d5 3. Bf4 Bf5 4. e3 e6 5. a3 Be7 6. c4 O-O 7. Nc3 c6 8. h3 h6 9. Bd3 dxc4 10.
Bxc4 Nd5 11. Bg3 Qa5 12. Bxd5 exd5 13. O-O Nd7 14. b4 Qd8 15. Re1 Re8 16. Qb3 Be6 17. Rac1 Nb6 18. Na4 Nxa4 19.
Qxa4 a5 20. b5 cxb5 21. Qxb5 Bxa3 22. Ra1 Bb4 23. Rec1 Qd7 24. Qxd7 Bxd7 25. Ne5 Bb5 26. Rc7 f6 27. Nd7 Bc6 28. Nc5 Rec8 29. Rxc8+ Rxc8 30. f3 Ra8 31.
Bd6 b6 0-1

[Event "SS Manhem Chess Week 2019 Goteborg Open"]
[Site "Molnlycke kulturhus, Biblioteksgatan 2, Molnlycke, Sweden"]
[Date "2019.08.16"]
[Round "1.5"]
[White "Le, Quang Long"]
[Black "Ottgard, Andreas"]
[Result "1-0"]
[TimeControl "15 minutes + 5 seconds per move from move one (Round 1 - 4) / 90 minutes + 30 seconds per move from move one (Round 5 - 8)"]
[WhiteTitle "IM"]
[WhiteFideId "12401749"]
[BlackFideId "1730592"]
[WhiteElo "2411"]
[BlackElo "1868"]

1. Nf3 Nf6 2. c4 g6 3. g3 Bg7 4. Bg2 O-O 5. O-O c5 6. d4 d6 7. Nc3 Nc6 8. dxc5 dxc5 9. Be3 Qa5 10.
Qa4 Qb6 11. Qb5 Nd7 12. Nd5 Qxb5 13. cxb5 Nd4 14. Nxe7+ Kh8 15. Rad1 Nxf3+ 16. Bxf3 Ne5 17. Bg2 c4 18. Rc1 Rb8 19.
a4 Be6 20. Bxa7 Ra8 21. Bc5 Rxa4 22. Bxb7 Nd7 23. Ba3 c3 24. Ra1 Bb3 25. bxc3 Bxc3 26. Rac1 Bd2 27. Bb2+ f6 28. Rc7 Ne5 29.
Nd5 Bxd5 30. Bxd5 Rb4 31. Ba3 1-0

[Event "SS Manhem Chess Week 2019 Goteborg Open"]
[Site "Molnlycke kulturhus, Biblioteksgatan 2, Molnlycke, Sweden"]
[Date "2019.08.16"]
[Round "1.6"]
[White "Hattab, Hashim"]
[Black "Seo, Jung Min"]
[Result "0-1"]
[TimeControl "15 minutes + 5 seconds per move from move one (Round 1 - 4) / 90 minutes + 30 seconds per move from move one (Round 5 - 8)"]
[BlackTitle "FM"]
[WhiteFideId "1721798"]
[BlackFideId "1734687"]
[WhiteElo "1868"]
[BlackElo "2409"]

1. d4 d5 2. c4 c6 3. Nc3 Nf6 4. Nf3 e6 5. e3 Nbd7 6.
Bd3 dxc4 7. Bxc4 b5 8. Bd3 a6 9. Qe2 Bb7 10. O-O c5 11. dxc5 Nxc5 12. Bc2 Be7 13. a3 Rc8 14. e4 O-O 15.
Bf4 Qb6 16. h3 b4 17. axb4 Qxb4 18. Bc1 Nb3 19. Bxb3 Qxb3 20. Bg5 h6 21. Bh4 g5 22. Bg3 Qc4 23. Qe1 Rfd8 24. Ra4 Qb3 25.
Qa1 Nd7 26. h4 Nc5 27. Ra5 Qb6 28. Rxc5 Qxc5 29. hxg5 hxg5 30. Re1 Rd3 31. Bh2 Rcd8 32. Qc1 g4 33. Ne5 g3 34. Qf4 gxf2+ 35. Qxf2 Rd2 36. Ne2 Qxf2+ 37. Kxf2 Rxb2 38. Kf3 Rb3+ 39. Kf4 Bd6 40. Kg5 Rb5 41. Kf6 Bf8 42. Nxf7 Bg7+ 43. Kxe6 Bc8+ 44.
Ke7 Rd7+ 0-1

[Event "SS Manhem Chess Week 2019 Goteborg Open"]
[Site "Molnlycke kulturhus, Biblioteksgatan 2, Molnlycke, Sweden"]
[Date "2019.08.16"]
[Round "1.7"]
[White "Vypkhaniuk, Ihor"]
[Black "Gustavsson, Andreas"]
[Result "1-0"]
[TimeControl "15 minutes + 5 seconds per move from move one (Round 1 - 4) / 90 minutes + 30 seconds per move from move one (Round 5 - 8)"]
[WhiteTitle "FM"]
[WhiteFideId "14112256"]
[BlackFideId "1738895"]
[WhiteElo "2405"]
[BlackElo "1865"]

1. Nf3 e6 2. c4 b6 3. g3 Bb7 4. Bg2 f5 5. O-O Nf6 6. d4 Be7 7. a3 a5 8. Nc3 O-O 9. d5 Na6 10. Qc2 Nc5 11. Rd1 exd5 12.
Nd4 Nfe4 13. Nxd5 Nd6 14. Bf4 g6 15. Bxd6 Bxd6 16. Nb5 Ne4 17. Bxe4 fxe4 18. Nxd6 cxd6 19. Qxe4 Bc6 20. Ne7+ Kg7 21.
Nxc6 dxc6 22. Qxc6 Qf6 23. Qxb6 Rab8 24. Qd4 Qxd4 25. Rxd4 Rxb2 26. Kf1 Re8 27. Re1 Re6 28. Rd5 Rc2 29.
Rxa5 Rxc4 30. Rd5 Ra4 31. Rd3 d5 32. Red1 Rea6 33. Rb3 R4a5 34. Rd4 Kf6 35. Rf4+ Ke5 36. Re3+ Kd6 37. Rf6+ Kc5 38.
Rxa6 Rxa6 39. Rc3+ Kd4 40. Rc7 h5 41. e3+ Kd3 42. Rd7 Kc4 43. h4 Rf6 44. Rb7 Ra6 45. Ke2 Rxa3 46. Rb6 Ra2+ 47.
Kf3 Ra3 48. Kg2 d4 49. exd4 Kxd4 50. Rxg6 Ra5 51. Rg5 Ra1 52. Rxh5 Kd5 1-0

[Event "SS Manhem Chess Week 2019 Goteborg Open"]
[Site "Molnlycke kulturhus, Biblioteksgatan 2, Molnlycke, Sweden"]
[Date "2019.08.16"]
[Round "1.8"]
[White "Kvarby, Anders"]
[Black "Ahlander, Bjorn"]
[Result "0-1"]
[TimeControl "15 minutes + 5 seconds per move from move one (Round 1 - 4) / 90 minutes + 30 seconds per move from move one (Round 5 - 8)"]
[BlackTitle "IM"]
[WhiteFideId "1746596"]
[BlackFideId "1700251"]
[WhiteElo "1864"]
[BlackElo "2390"]

1. d4 Nf6 2. c4 e6 3. g3 c5 4. Nf3 cxd4 5. Nxd4 Nc6 6.
Bg2 Bc5 7. Nb3 Be7 8. O-O d6 9. Nc3 O-O 10. h3 a6 11. Be3 Ne5 12. Nd2 Qc7 13. Na4 Nfd7 14. Rc1 Rb8 15. b3 b6 16.
f4 Ng6 17. Bf2 Bb7 18. e4 Nc5 19. Nb2 Bf6 20. Rc2 Ba8 21. Qb1 Rfd8 22. Rcc1 Bxb2 23. Qxb2 Nd3 24. Qc2 Nxc1 25. Rxc1 b5 26.
c5 dxc5 27. Bxc5 b4 28. Qb2 Rbc8 29. Rc4 Qd7 30. Bxb4 Rxc4 31. Nxc4 Qd3 32. Qf2 Bxe4 33. Bxe4 Qxe4 34. Bd6 Ne7 35.
Qg2 Qxg2+ 36. Kxg2 Nf5 37. Bc5 Rd3 38. g4 Nh4+ 39. Kh2 f6 40. b4 Rc3 41. Nb6 Nf3+ 42. Kg2 Ne1+ 43. Kh2 Rc2+ 44.
Kg3 Rg2+ 45. Kh4 Nf3+ 46. Kh5 g6+ 47. Kh6 Rh2 0-1

[Event "SS Manhem Chess Week 2019 Goteborg Open"]
[Site "Molnlycke kulturhus, Biblioteksgatan 2, Molnlycke, Sweden"]
[Date "2019.08.16"]
[Round "1.9"]
[White "Kockum, Anton Frisk"]
[Black "Knutsson, Hakan"]
[Result "1-0"]
[TimeControl "15 minutes + 5 seconds per move from move one (Round 1 - 4) / 90 minutes + 30 seconds per move from move one (Round 5 - 8)"]
[WhiteTitle "FM"]
[WhiteFideId "1709143"]
[BlackFideId "1706810"]
[WhiteElo "2367"]
[BlackElo "1848"]

1. d4 Nf6 2. c4 e6 3. Nf3 b6 4. g3 Ba6 5. Qc2 c5 6. d5 Bb7 7. Bg2 d6 8. O-O e5 9. Nc3 Be7 10.
Nh4 Bc8 11. f4 exf4 12. gxf4 g6 13. f5 Rg8 14. fxg6 hxg6 15. Bg5 Nbd7 16. Nf3 Nh7 17. Bf4 Ndf6 18. e4 Nh5 19. Bd2 Bg4 20.
Rae1 Qd7 21. e5 O-O-O 22. e6 fxe6 23. dxe6 Qe8 24. Qe4 Bxf3 25. Bxf3 d5 26. Nxd5 1-0

[Event "SS Manhem Chess Week 2019 Goteborg Open"]
[Site "Molnlycke kulturhus, Biblioteksgatan 2, Molnlycke, Sweden"]
[Date "2019.08.16"]
[Round "1.10"]
[White "Ziegler, Nathalie"]
[Black "Malmstig, Erik"]
[Result "1/2-1/2"]
[TimeControl "15 minutes + 5 seconds per move from move one (Round 1 - 4) / 90 minutes + 30 seconds per move from move one (Round 5 - 8)"]
[BlackTitle "FM"]
[WhiteFideId "1715984"]
[BlackFideId "1702866"]
[WhiteElo "1846"]
[BlackElo "2335"]

1. c4 e5 2. Nc3 d6 3. Nf3 f5 4. g3 Nf6 5. d3 c6 6. Bg2 Be7 7. O-O O-O 8. b3 Na6 9. Bb2 h6 10.
e4 Qe8 11. Nh4 f4 12. Nf5 Bxf5 13. exf5 Nh5 14. Bf3 Rxf5 15. Bg4 Rg5 16. Ne4 Rxg4 17. Qxg4 Qf7 18. d4 d5 19. cxd5 cxd5 20.
Nc5 Bxc5 21. dxc5 e4 22. c6 bxc6 23. Rac1 c5 24. Ba3 fxg3 25. fxg3 Nf6 26. Qf5 Qe7 27. Bb2 Rd8 28. Bxf6 Qxf6 29. Qxf6 gxf6 30. Rxf6 Nb4 31.
Rxc5 e3 32. Rc7 d4 33. Rg6+ Kf8 34. Rf6+ Kg8 35. Rg6+ 1/2-1/2

[Event "SS Manhem Chess Week 2019 Goteborg Open"]
[Site "Molnlycke kulturhus, Biblioteksgatan 2, Molnlycke, Sweden"]
[Date "2019.08.16"]
[Round "1.11"]
[White "Nilsson, Joakim"]
[Black "Westerlund, Ola"]
[Result "0-1"]
[TimeControl "15 minutes + 5 seconds per move from move one (Round 1 - 4) / 90 minutes + 30 seconds per move from move one (Round 5 - 8)"]
[WhiteTitle "FM"]
[WhiteFideId "1723383"]
[BlackFideId "1712101"]
[WhiteElo "2319"]
[BlackElo "1845"]

1. Nf3 d6 2. d4 f5 3. c4 Nf6 4.
Nc3 e6 5. g3 Be7 6. Bg2 O-O 7. O-O a5 8. Re1 Nc6 9. e4 fxe4 10. Nxe4 e5 11.
d5 Nxe4 12. dxc6 Nc5 13. Be3 b6 14. h4 Bg4 15. Qd2 Bxf3 16. Bh3 Bxc6 17. h5 Ne4 18. Qc2 Ng5 19. Bxg5 Bxg5 20. Rad1 Qf6 21. Bg4 Bf3 22. Bxf3 Qxf3 23.
Rd3 Qxh5 24. Kg2 Qg6 25. Qe2 Rf7 26. Rf1 Raf8 27. Rb3 e4 28. Rb5 Rf3 29. Qc2 e3 30. Qxg6 hxg6 31. Rxg5 Rxf2+ 32. Rxf2 Rxf2+ 33. Kg1 Rxb2 34. Rxg6 Rxa2 35. Re6 e2 36. Kf2 Rc2 37. Re4 a4 38. c5 bxc5 39. Rxa4 d5 40. Ra7 d4 41. Rxc7 d3 42. Ke1 Rc1+ 0-1

[Event "SS Manhem Chess Week 2019 Goteborg Open"]
[Site "Molnlycke kulturhus, Biblioteksgatan 2, Molnlycke, Sweden"]
[Date "2019.08.16"]
[Round "1.12"]
[White "Westergren, Bertil"]
[Black "Rydstrom, Tom"]
[Result "0-1"]
[TimeControl "15 minutes + 5 seconds per move from move one (Round 1 - 4) / 90 minutes + 30 seconds per move from move one (Round 5 - 8)"]
[BlackTitle "FM"]
[WhiteFideId "1712012"]
[BlackFideId "1714830"]
[WhiteElo "1836"]
[BlackElo "2314"]

1. d4 b6 2. c4 Bb7 3.
Nc3 e6 4. e3 f5 5. Bd3 Nf6 6. Nge2 g6 7. f3 Bg7 8. O-O O-O 9. e4 d6 10. Qc2 Nc6 11. a3 fxe4 12. fxe4 Ng4 13. d5 Rxf1+ 14. Kxf1 Nd4 15.
Nxd4 Bxd4 16. h3 Qh4 17. Nd1 Rf8+ 18. Ke2 Ne5 19. Be3 Bxe3 20. Kxe3 exd5 21. cxd5 Qg5+ 22. Kd4 c5+ 23. Kc3 c4 24.
Be2 Qxg2 25. Bg4 Qg3+ 26. Kb4 a5+ 27. Kb5 Qg1 28. b4 cxb3 29. Be6+ Kh8 30. Qxb3 Qc5+ 31. Ka4 Qd4+ 32. Kb5 Qxa1 0-1

[Event "SS Manhem Chess Week 2019 Goteborg Open"]
[Site "Molnlycke kulturhus, Biblioteksgatan 2, Molnlycke, Sweden"]
[Date "2019.08.16"]
[Round "1.13"]
[White "Welin, Mats"]
[Black "Johansson-Ohman, Daniel"]
[Result "1-0"]
[TimeControl "15 minutes + 5 seconds per move from move one (Round 1 - 4) / 90 minutes + 30 seconds per move from move one (Round 5 - 8)"]
[WhiteTitle "FM"]
[WhiteFideId "1705180"]
[BlackFideId "1736361"]
[WhiteElo "2310"]
[BlackElo "1822"]

1. e4 c5 2. Nf3 d6 3. d4 cxd4 4. Nxd4 Nf6 5. Nc3 a6 6.
Be2 e5 7. Nb3 Be6 8. f4 exf4 9.
Bxf4 Be7 10. Qd2 Nc6 11. O-O-O Ne5 12. Nd4 Qc7 13. Qe3 b5 14. Nf5 Bxf5 15. exf5 Rc8 16. a3 O-O 17. Rhg1 Rfd8 18.
g4 Nc4 19. Bxc4 Qxc4 20. Rd4 Qc7 21. Qe2 Qa7 22. Be3 Qb7 23. g5 Ne8 24. Nd5 Rc5 25. Qg2 Qd7 26. f6 Bf8 27. fxg7 Bxg7 28.
Nf6+ 1-0

[Event "SS Manhem Chess Week 2019 Goteborg Open"]
[Site "Molnlycke kulturhus, Biblioteksgatan 2, Molnlycke, Sweden"]
[Date "2019.08.16"]
[Round "1.14"]
[White "Carlfors, Viktor"]
[Black "Ziegler, Ari"]
[Result "1/2-1/2"]
[TimeControl "15 minutes + 5 seconds per move from move one (Round 1 - 4) / 90 minutes + 30 seconds per move from move one (Round 5 - 8)"]
[BlackTitle "IM"]
[WhiteFideId "1740725"]
[BlackFideId "1700987"]
[WhiteElo "1820"]
[BlackElo "2300"]

1. d4 g6 2. Nf3 Bg7 3. Bf4 d6 4. Nc3 Nd7 5. e4 e5 6. dxe5 Nxe5 7. Nxe5 Bxe5 8. Bxe5 dxe5 9. Qxd8+ Kxd8 10.
O-O-O+ Bd7 11. Bc4 Nh6 12. Nd5 Kc8 13. Nf6 Bc6 14. Rd2 a5 15. f3 b5 16. Bd5 Ra6 17. Rhd1 Bxd5 18. Nxd5 Re8 19.
Ne3 Rae6 20. Rd5 c6 21. Rd7 R6e7 22. R7d6 Re6 23. Rd7 R6e7 24. R7d6 Kc7 25. c4 Rb8 26. cxb5 Rxb5 27. Rd8 f5 28.
Rf8 fxe4 29. fxe4 Rb4 30. b3 Rxe4 31. Nc4 Rd4 32. Nxa5 Rxd1+ 33. Kxd1 Ng4 34. h3 Ne3+ 35. Ke2 Nxg2 36.
Kf3 Nf4 37. h4 Nd5 38. Nc4 e4+ 39. Ke2 e3 40. a4 Nc3+ 41. Ke1 e2 42. Rf3 Na2 43. Re3 Rxe3 44. Nxe3 Nc1 45. b4 Nd3+ 46. Kxe2 Nxb4 47. Kf3 Nd5 48. Nc4 Ne7 49. Kf4 h6 50. Ke5 g5 51. hxg5 hxg5 52. Ne3 Kb6 53.
Ke6 Nc8 54. Kf5 Ka5 55. Kxg5 Kxa4 56.
Kf4 Kb3 57. Ke4 Kc3 58. Nd5+ Kc4 59. Ne3+ Kc5 60. Kd3 Nb6 61. Kc2 Kd4 62. Nd1 c5 63. Nb2 Nd5 64. Na4 c4 65. Nb2 Ne3+ 66. Kc1 c3 67. Na4 c2 68. Nb2 Kc3 69. Na4+ Kc4 70.
Nb6+ Kb3 71. Nd7 Kc4 72. Ne5+ Kd4 73. Nf3+ Kc3 74. Ne1 1/2-1/2

[Event "SS Manhem Chess Week 2019 Goteborg Open"]
[Site "Molnlycke kulturhus, Biblioteksgatan 2, Molnlycke, Sweden"]
[Date "2019.08.16"]
[Round "1.15"]
[White "Petersson, Baldur Teodor"]
[Black "Tenold, Andreas"]
[Result "1-0"]
[TimeControl "15 minutes + 5 seconds per move from move one (Round 1 - 4) / 90 minutes + 30 seconds per move from move one (Round 5 - 8)"]
[WhiteTitle "CM"]
[WhiteFideId "2309157"]
[BlackFideId "1525840"]
[WhiteElo "2255"]
[BlackElo "1795"]

1. e4 c5 2. Nf3 e6 3.
d3 Nc6 4. Nbd2 d5 5. g3 Bd6 6. Bg2 Nge7 7. O-O O-O 8. Re1 Qc7 9. Qe2 f6 10. c3 d4 11. Nc4 e5 12. a4 Be6 13. Na3 a6 14. Bd2 Rab8 15. c4 b6 16. h4 Bg4 17. Qf1 Qd7 18. Nh2 Be6 19. f4 f5 20. Qe2 exf4 21. gxf4 fxe4 22.
Qxe4 Bf5 23. Qf3 Nd8 24. Re2 Ne6 25. Rae1 Ng6 26. Qd5 Rbe8 27. Nf3 Ne7 28. Ne5 Qc7 29. Qb7 Qxb7 30. Bxb7 Bxe5 31. Rxe5 Ng6 32. R5e2 Nc7 33.
Rxe8 Rxe8 34. Rxe8+ Nxe8 35. Bxa6 Nxh4 36. Kf2 Bxd3 37.
b4 Nc7 38. Bc8 Nf5 39. a5 bxa5 40. b5 Na8 41. Bb7 Nb6 42. Bxa5 Nxc4 43. Bd5+ Kf8 44. Bxc4 Be4 45. Bb6 1-0

[Event "SS Manhem Chess Week 2019 Goteborg Open"]
[Site "Molnlycke kulturhus, Biblioteksgatan 2, Molnlycke, Sweden"]
[Date "2019.08.16"]
[Round "1.16"]
[White "Andersson, Christian"]
[Black "Carlsson, Ludvig"]
[Result "0-1"]
[TimeControl "15 minutes + 5 seconds per move from move one (Round 1 - 4) / 90 minutes + 30 seconds per move from move one (Round 5 - 8)"]
[BlackTitle "CM"]
[WhiteFideId "1724789"]
[BlackFideId "1727010"]
[WhiteElo "1794"]
[BlackElo "2234"]

1. e4 c5 2. b3 Nc6 3. Bb2 e5 4. Bc4 d6 5. Nc3 Nf6 6. d3 Be7 7. Nge2 O-O 8. O-O Kh8 9. f4 Ng4 10.
Qd2 exf4 11. Nxf4 Bf6 12. h3 Bd4+ 13. Kh1 Qh4 14. Rf3 Nce5 15. Raf1 Nxf3 16. Rxf3 Ne3 17. Nfe2 Bg4 18. Rxe3 Qf2 19. Nd1 Qf1+ 20. Ng1 Qxd1 21. Qxd1 Bxd1 22. Bxd4 cxd4 23. Re1 Bxc2 24. Ne2 a6 25. a4 b5 26. Bd5 Rac8 27.
axb5 Bxd3 28. bxa6 Bxa6 29. Nxd4 g6 30. Rb1 f5 31. exf5 gxf5 32. b4 Bd3 33. Rb2 Be4 34. Be6 Rc1+ 35.
Kh2 Rd1 36. Ne2 Rb8 37. b5 Rb6 38. Bd7 d5 39. Nc3 Ra1 40. Bc6 Rc1 41. Nxd5 Rcxc6 42. Nxb6 Rxb6 43. Kg3 Bd3 44. Kf4 Rxb5 45. Rxb5 Bxb5 46. Kxf5 Bf1 47. Kg4 Bxg2 48. Kg3 Bc6 49. h4 Kg7 50. Kf4 Kf6 51.
Kg4 Kg6 52. Kg3 Kh5 0-1

[Event "SS Manhem Chess Week 2019 Goteborg Open"]
[Site "Molnlycke kulturhus, Biblioteksgatan 2, Molnlycke, Sweden"]
[Date "2019.08.16"]
[Round "1.17"]
[White "Castrillon Gomez, Melissa"]
[Black "Dale, Svein"]
[Result "1-0"]
[TimeControl "15 minutes + 5 seconds per move from move one (Round 1 - 4) / 90 minutes + 30 seconds per move from move one (Round 5 - 8)"]
[WhiteTitle "WIM"]
[WhiteFideId "4402413"]
[BlackFideId "1523120"]
[WhiteElo "2227"]
[BlackElo "1772"]

1. Nf3 d5 2. d4 Nf6 3. c4 g6 4. cxd5 Bg7 5. g3 O-O 6. Bg2 Qxd5 7. O-O Bg4 8. Ne5 Qb5 9. Nc3 Qa6 10.
Nxg4 Nxg4 11. Nd5 Qd6 12. h3 Nh6 13. Bf4 e5 14. dxe5 Bxe5 15. Bxh6 1-0

[Event "SS Manhem Chess Week 2019 Goteborg Open"]
[Site "Molnlycke kulturhus, Biblioteksgatan 2, Molnlycke, Sweden"]
[Date "2019.08.16"]
[Round "1.18"]
[White "Oxelqvist, Martin"]
[Black "Johnson, Daniel"]
[Result "0-1"]
[TimeControl "15 minutes + 5 seconds per move from move one (Round 1 - 4) / 90 minutes + 30 seconds per move from move one (Round 5 - 8)"]
[WhiteFideId "1718061"]
[BlackFideId "1721283"]
[WhiteElo "1759"]
[BlackElo "2201"]

1. Nf3 d5 2. g3 Nf6 3. Bg2 e6 4. O-O Be7 5. d3 O-O 6. Nbd2 c5 7. e4 Nc6 8. c3 Qc7 9. Qc2 b5 10.
Re1 Bb7 11. Nf1 a5 12. h4 Rac8 13. e5 Nd7 14. Bf4 b4 15. N1h2 Rfe8 16. h5 Qb6 17. Ng4 c4 18. dxc4 dxc4 19.
Rad1 Nc5 20. Be3 Qc7 21. Bxc5 Bxc5 22. Qe2 h6 23. Nd2 bxc3 24. bxc3 Ne7 25. Ne4 Bxe4 26. Bxe4 Red8 27. Kh2 Bb6 28.
Bc2 Rxd1 29. Rxd1 Rd8 30. Rxd8+ Qxd8 31. Qe4 Nf5 32. Ne3 Bxe3 33. fxe3 Qd2+ 34. Kh3 Qf2 35. Qg2 Qxg2+ 36. Kxg2 Nxe3+ 37. Kf3 Nxc2 38. Ke4 Na3 39. Kd4 f6 40. g4 Kf7 41. Ke4 Nb5 0-1

[Event "SS Manhem Chess Week 2019 Goteborg Open"]
[Site "Molnlycke kulturhus, Biblioteksgatan 2, Molnlycke, Sweden"]
[Date "2019.08.16"]
[Round "2.1"]
[White "Pham, Bich Ngoc"]
[Black "Blomqvist, Erik"]
[Result "0-1"]
[TimeControl "15 minutes + 5 seconds per move from move one (Round 1 - 4) / 90 minutes + 30 seconds per move from move one (Round 5 - 8)"]
[WhiteTitle "WIM"]
[BlackTitle "GM"]
[WhiteFideId "12401285"]
[BlackFideId "1709437"]
[WhiteElo "2176"]
[BlackElo "2507"]

1. f4 b5 2. Nf3 Bb7 3. g3 e6 4.
Bg2 Nf6 5. O-O Be7 6. d3 d5 7.
e3 c5 8.
Qe2 Nc6 9. Nc3 b4 10. Nd1 a5 11.
Nf2 O-O 12. g4 Ne8 13. c4 bxc3 14. bxc3 Nd6 15. a4 Rb8 16. Ba3 c4 17. d4 f5 18. Ne5 Ne4 19. gxf5 exf5 20. Nxe4 fxe4 21.
Qg4 Bxa3 22. Rxa3 Nxe5 23. fxe5 Rxf1+ 24. Bxf1 Bc8 25. Qg3 Rb3 26. Ra2 Rxc3 27. Rg2 Qe7 28. Qe1 Qa3 29. Qh4 Qf8 30. Qe1 Rb3 31. Qxa5 Be6 32.
Rf2 Qe8 33. Qc7 Rxe3 34. a5 Ra3 35. Rb2 Qg6+ 36. Rg2 Qf7 37. Qd8+ Qf8 38. Qb6 Qe7 39. a6 h6 40. Rb2 Kh7 41. Qb7 Qg5+ 42. Rg2 Bg4 43.
Qxd5 Qe3+ 44. Rf2 Rxa6 45. Qxc4 Rg6 46.
Bg2 Bh3 47. Kf1 Rxg2 48. Rxg2 Qf3+ 49. Ke1 Qxg2 50. Qe2 Qg1+ 51.
Kd2 Qxd4+ 52. Kc2 Qxe5 0-1

[Event "SS Manhem Chess Week 2019 Goteborg Open"]
[Site "Molnlycke kulturhus, Biblioteksgatan 2, Molnlycke, Sweden"]
[Date "2019.08.16"]
[Round "2.2"]
[White "Hector, Jonny"]
[Black "Ask, Josef"]
[Result "0-1"]
[TimeControl "15 minutes + 5 seconds per move from move one (Round 1 - 4) / 90 minutes + 30 seconds per move from move one (Round 5 - 8)"]
[WhiteTitle "GM"]
[BlackTitle "FM"]
[WhiteFideId "1700090"]
[BlackFideId "1704583"]
[WhiteElo "2493"]
[BlackElo "2136"]

1. e4 c5 2. Nf3 Nc6 3. Nc3 g6 4. d4 cxd4 5. Nxd4 Bg7 6. Nb3 d6 7. Be2 Nf6 8. O-O O-O 9. Re1 a5 10.
a4 Nb4 11. Bg5 Be6 12. Nd4 Bd7 13. Qd2 Rc8 14. Bb5 Rc5 15. Bh4 Qc8 16. Bxd7 Qxd7 17. Nb3 Rh5 18. Bg3 Rc8 19. Rad1 Qc6 20.
Nd4 Qc4 21. Ndb5 d5 22. e5 Ne4 23. Nxe4 dxe4 24. Na3 Qc6 25. Qd4 Nxc2 26. Nxc2 Qxc2 27. Rxe4 Rf5 28. f4 e6 29. Rd2 Qc6 30.
Re3 Bf8 31. Rc3 Bc5 32. Rxc5 Qxc5 33. Qxc5 Rxc5 34. h4 Rc4 35. Kf2 Rxa4 36. Ke3 Rb4 37. Bh2 h5 38. g3 f6 39. Rd8+ Kf7 40.
exf6 Rd5 41. Rc8 Rb3+ 42. Ke4 Rd1 43. Rc2 Kxf6 44. Rg2 Rb1 45. Bg1 Rb4+ 46. Bd4+ Kf7 47. Rc2 Rd1 48. Rc7+ Ke8 49. Ke5 Rbxd4 50. Rxb7 Rd6 51. Kf6 R1d3 52.
Ke5 R3d5+ 53. Kf6 e5+ 54. Kg7 exf4 55. gxf4 Rf5 0-1

[Event "SS Manhem Chess Week 2019 Goteborg Open"]
[Site "Molnlycke kulturhus, Biblioteksgatan 2, Molnlycke, Sweden"]
[Date "2019.08.16"]
[Round "2.3"]
[White "Pettersson, Anders"]
[Black "Golubka, Petro"]
[Result "0-1"]
[TimeControl "15 minutes + 5 seconds per move from move one (Round 1 - 4) / 90 minutes + 30 seconds per move from move one (Round 5 - 8)"]
[BlackTitle "IM"]
[WhiteFideId "1715143"]
[BlackFideId "14114224"]
[WhiteElo "2104"]
[BlackElo "2479"]

1. d4 Nf6 2. c4 g6 3. Nc3 d5 4. Bf4 Bg7 5. e3 O-O 6. cxd5 Nxd5 7. Nxd5 Qxd5 8. Bxc7 Na6 9. Bxa6 bxa6 10.
Qf3 Bb7 11. Qxd5 Bxd5 12. Nf3 Rfc8 13. Rc1 Bxa2 14. O-O Bf8 15. Rc3 e6 16. Ra1 Bd5 17. Rxa6 Bb7 18. Ra1 Bb4 19. Rcc1 f6 20.
h3 Kf7 21. Rc4 a5 22. Rac1 Bd5 23. R4c2 Be4 24. Rc4 Bd5 25. R4c2 Bb3 26. Rc6 Ba4 27. R6c4 Bb5 28. R4c2 Ra6 29.
Bf4 Rxc2 30. Rxc2 Rc6 31. Rxc6 Bxc6 32. Nh2 a4 33. f3 Bc3 34. Bd6 Bxb2 35. Kf2 a3 36. Bxa3 Bxa3 37. Nf1 Bb4 38. Ng3 Bd6 39. Ne2 Ke7 40.
e4 Bb5 41. Nc3 Bc4 42. g3 Bb4 43. Nd1 Bb3 44. Ne3 Bc3 45. d5 exd5 46. exd5 Bd4 0-1